 Dungeon Crawl Stone Soup version 0.22-a0-305-gd21a89c (webtiles) character file.

137 xccam the Chopper (level 5, -11/41 HPs)
             Began as a Formicid Fighter on Mar 31, 2018.
             Killed by divine providence
             ... invoked by an orc priest
              (13 damage)
             ... on level 3 of the Dungeon.
             The game lasted 00:03:29 (1936 turns).

xccam the Chopper (Formicid Fighter)                Turns: 1936, Time: 00:03:31

Health: -11/41     AC:  9    Str: 22    XL:     5   Next: 43%
Magic:  5/5        EV:  8    Int:  7    God:
Gold:   91         SH:  9    Dex: 10    Spells: 4/4 levels left

rFire    . . .     SeeInvis +   a - +0 war axe
rCold    . . .     Gourm    .   c - +0 shield
rNeg     . . .     Faith    .   b - +0 scale mail
rPois    .         Spirit   .   (helmet unavailable)
rElec    .         Reflect  .   (no cloak)
rCorr    .         Harm     .   (no gloves)
MR       .....                  g - +1 pair of boots
Stlth    ..........             l - amulet of the acrobat
HPRegen  0.13/turn              (no ring)
MPRegen  0.09/turn              (no ring)

@: no status effects
A: permanent stasis, dig shafts and tunnels, four strong arms, antennae 3
a: Dig, Shaft Self


You were on level 3 of the Dungeon.
You were hungry.

You visited 1 branch of the dungeon, and saw 3 of its levels.

You collected 91 gold pieces.

Inventory:

Hand Weapons
 a - a +0 war axe (weapon)
Armour
 b - a +0 scale mail (worn)
 c - a +0 shield (worn)
 g - a +1 pair of boots (worn)
Jewellery
 l - an amulet of the acrobat (around neck)
Wands
 n - a wand of paralysis (13)
Scrolls
 e - 7 scrolls of identify {unknown}
 h - a scroll of remove curse {unknown}
 i - 3 scrolls of amnesia {unknown}
 j - a scroll of fear {unknown}
 k - a scroll of magic mapping {unknown}
 m - 2 scrolls of fog {unknown}
Potions
 d - a potion of might
 o - a potion of heal wounds {unknown}
 p - a potion of invisibility {unknown}
Comestibles
 f - 3 rations


   Skills:
 - Level 3.2 Fighting
 + Level 5.2 Axes
 - Level 3.2 Armour
 - Level 3.6 Shields


You had 4 spell levels left.
You didn't know any spells.

Dungeon Overview and Level Annotations

Branches:
Dungeon (3/15)

Altars:


Innate Abilities, Weirdness & Mutations

You cannot be hasted, slowed, berserked, paralysed or teleported.
You can dig through walls and to a lower floor.
Your four strong arms can wield two-handed weapons with a shield.
You have a pair of large antennae on your head. (SInv)


Message History

The orc priest is severely wounded.
You closely miss the kobold. The orc priest hits you with a trident.
* * * LOW HITPOINT WARNING * * *
The kobold barely misses you.
Unknown command.
Okay, then.
Your shield and scale mail prevent you from hitting the orc priest.
The orc priest is severely wounded.
You hit the kobold.
The orc priest looks braver for a moment.
The kobold hits you but does no damage.
Unknown command.
You barely miss the orc priest.
The orc priest is heavily wounded.
You slash the kobold!
You kill the kobold!
You block the orc priest's attack.
The orc priest invokes the aid of Beogh against you.
Beogh smites you!
You die...

.....
...... {
###......
..#......
{ #.#....
#....
#..###.#
#<†....#
#@)#####
#.o..#
#...#.##
#.#.#.# #
# #.# #.#
#.# ...


You could see an orc priest.

Vanquished Creatures
  5 adders
  3 worms (D:2)
  2 dart slugs
  2 leopard geckos (D:2)
  2 orcs (D:3)
  6 bats
  3 giant cockroaches
  6 goblins
  11 hobgoblins
  10 jackals (D:2)
  A quokka (D:2)
  3 frilled lizards
  12 kobolds
  4 rats
70 creatures vanquished.

Vanquished Creatures (others)
  A frilled lizard (D:1)
1 creature vanquished.

Grand Total: 71 creatures vanquished

Notes
Turn   | Place    | Note
-------+----------+-------------------------------------------
     0 | D:1      | xccam the Formicid Fighter began the quest for the Orb.
     0 | D:1      | Reached XP level 1. HP: 18/18 MP: 1/1
   113 | D:1      | Reached XP level 2. HP: 24/24 MP: 2/2
   217 | D:1      | Reached skill level 3 in Axes
   351 | D:1      | Reached XP level 3. HP: 29/29 MP: 3/3
   765 | D:2      | Reached skill level 4 in Axes
   765 | D:2      | Reached XP level 4. HP: 17/35 MP: 4/4
  1317 | D:2      | Reached XP level 5. HP: 41/41 MP: 5/5
  1580 | D:2      | Reached skill level 5 in Axes
  1934 | D:3      | HP: 1/41 [orc priest/trident (3)]
  1936 | D:3      | Killed from afar by an orc priest

Vault maps used:
D:1:      minmay_arrival_semitransparent, minmay_pentomino_u4
D:2:      kb_forest_paths
D:3:      eat_drink_and_be_merry_uskayaw, first_ration,
          nicolae_ru_sacrificial_ziggurat

Skill      XL: |  1  2  3  4  5 |
---------------+----------------+-----
Axes           | 3 4 5 |  5.2
Fighting       | |  3.2
Armour         | |  3.2
Shields        | |  3.6

Action                   |  1- 3 |  4- 6 || total
-------------------------+-------+-------++-------
Melee: War axe           |   133 |   125 ||   258
  Eat: Chunk             |       |     3 ||     3
Armor: Scale mail        |    89 |    46 ||   135
Dodge: Dodged            |    66 |    41 ||   107
Block: Shield            |    94 |    63 ||   157

Table legend:
 A = Spawn XP
 B = Non-spawn XP
 C = Spawn XP percentage of total XP
 D = Spawn monster count
 E = Non-spawn monster count
 F = Spawn count percentage of total count
 G = Total turns spent on level
                    A         B        C        D         E        F      G
               +---------+---------+-------+---------+---------+-------+---------
         Total |       0 |     196 |   0.0 |       0 |      70 |   0.0 |  1936
               +---------+---------+-------+---------+---------+-------+---------
           D:1 |       0 |      45 |   0.0 |       0 |      26 |   0.0 |   642
           D:2 |       0 |     127 |   0.0 |       0 |      39 |   0.0 |  1271
           D:3 |       0 |      24 |   0.0 |       0 |       5 |   0.0 |    23
               +---------+---------+-------+---------+---------+-------+---------
